 Dungeon Crawl Stone Soup version 0.22-a0-469-gf26638a (webtiles) character file.

58 pk666 the Firebug (level 3, -5/19 HPs)
             Began as a Deep Elf Fire Elementalist on June 14, 2018.
             Slain by a centaur zombie (6 damage)
             ... on level 2 of the Dungeon.
             The game lasted 00:02:20 (1729 turns).

pk666 the Firebug (Deep Elf Fire Elementalist)      Turns: 1729, Time: 00:02:21

Health: -5/19      AC:  2    Str:  5    XL:     3   Next: 75%
Magic:  5/10       EV: 13    Int: 20    God:
Gold:   34         SH:  0    Dex: 15    Spells: 8/9 levels left

rFire    . . .     SeeInvis .   (no weapon)
rCold    . . .     Gourm    .   (no shield)
rNeg     . . .     Faith    .   a - +0 robe
rPois    .         Spirit   .   (no helmet)
rElec    .         Reflect  .   (no cloak)
rCorr    .         Harm     .   (no gloves)
MR       .....                  (no boots)
Stlth    ++........             (no amulet)
HPRegen  0.06/turn              (no ring)
MPRegen  0.12/turn              (no ring)

@: no status effects
A: no striking features
a: no special abilities


You were on level 2 of the Dungeon.
You were not hungry.

You visited 1 branch of the dungeon, and saw 2 of its levels.

You collected 34 gold pieces.

Inventory:

Armour
 a - a +0 robe (worn)
Jewellery
 j - an uncursed ring of fire {unknown}
Scrolls
 b - 3 scrolls of identify {unknown}
 d - 3 scrolls of blinking {unknown}
 g - 3 scrolls of remove curse {unknown}
Potions
 e - a potion of haste {unknown}
 f - a potion of lignification {unknown}
 h - a potion of cancellation {unknown}
Comestibles
 c - 4 rations
 i - 5 chunks of flesh


   Skills:
 - Level 2.4 Dodging
 - Level 2.4 Stealth
 + Level 3.8 Spellcasting
 * Level 3.0 Conjurations
 + Level 3.8 Fire Magic


You had 8 spell levels left.
You knew the following spells:

 Your Spells              Type           Power        Failure   Level  Hunger
a - Flame Tongue          Conj/Fire      ###..        3%          1    None

Your spell library contained the following spells:

 Spells                   Type           Power        Failure   Level  Hunger
 Fireball                 Conj/Fire      ###.......   65%         5    ######.
 Conjure Flame            Conj/Fire      ###.....     10%         3    ###....
 Throw Flame              Conj/Fire      ###...       4%          2    ##.....
 Sticky Flame             Conj/Fire      ###.....     32%         4    ####...
 Inner Flame              Hex/Fire       ##......     19%         3    ###....


Dungeon Overview and Level Annotations

Branches:
Dungeon (2/15)

Altars:
Qazlal


Message History

The centaur zombie is heavily damaged.
The centaur zombie hits you.
Casting: Flame Tongue (safe; 3% risk of failure)
Confirm with . or Enter, or press ? or * to list all spells.
Aiming: Flame Tongue (safe; 3% risk of failure)
Press: ? - help, Shift-Dir - straight line, f/p - centaur zombie
Aim: a centaur zombie (heavily damaged)
The flame tongue hits the centaur zombie.
The centaur zombie is severely damaged.
The centaur zombie hits you.
* * * LOW HITPOINT WARNING * * *
Casting: Flame Tongue (safe; 3% risk of failure)
Confirm with . or Enter, or press ? or * to list all spells.
Aiming: Flame Tongue (safe; 3% risk of failure)
Press: ? - help, Shift-Dir - straight line, f/p - centaur zombie
Aim: a centaur zombie (severely damaged)
The flame tongue hits the centaur zombie.
The centaur zombie is severely damaged.
The centaur zombie hits you.
You die...

#[#รท#..###.# #.##
#.#........# #..#
#>#.#..##..# #..#
#......##..#######..# ##
#...............##..##..
##....#................
#.........####.##..######
#.........## #.##l......#
##...###### #.@ZK.......
##..# #####<####.# ##..
.# #.. .# .# .# ##


You could see a centaur zombie, a leopard gecko and a kobold.

Vanquished Creatures
  2 adders (D:2)
  An ooze (D:2)
  A dart slug (D:2)
  4 bats
  2 giant cockroaches
  5 goblins
  2 hobgoblins (D:1)
  5 jackals (D:2)
  A frilled lizard (D:2)
  5 kobolds
  3 rats
31 creatures vanquished.

Notes
Turn   | Place    | Note
-------+----------+-------------------------------------------
     0 | D:1      | pk666 the Deep Elf Fire Elementalist began the quest for the Orb.
     0 | D:1      | Reached XP level 1. HP: 10/10 MP: 6/6
   359 | D:1      | Reached XP level 2. HP: 14/15 MP: 6/8
  1240 | D:2      | Reached XP level 3. HP: 19/19 MP: 5/10
  1286 | D:2      | Found a stormy altar of Qazlal.
  1729 | D:2      | Slain by a centaur zombie

Vault maps used:
D:1:      dpeg_arrival_oval, minmay_misc_feat_alley, grunt_decor_resistance,
          serial_bayou_pond_c
D:2:      old_standard_altar, minmay_snake_closets

Skill      XL: |  1  2  3 |
---------------+----------+-----
Conjurations   | 2 3 |  3.0
Dodging        | |  2.4
Stealth        | |  2.4
Spellcasting   | |  3.8
Fire Magic     | |  3.8

Action                   || total
-------------------------++-------
Melee: Unarmed           ||     1
 Cast: Flame Tongue      ||    66
  Eat: Chunk             ||     2
Armor: Robe              ||     3
Dodge: Dodged            ||    19

Table legend:
 A = Spawn XP
 B = Non-spawn XP
 C = Spawn XP percentage of total XP
 D = Spawn monster count
 E = Non-spawn monster count
 F = Spawn count percentage of total count
 G = Total turns spent on level
                    A         B        C        D         E        F      G
               +---------+---------+-------+---------+---------+-------+---------
         Total |       0 |      83 |   0.0 |       0 |      31 |   0.0 |  1729
               +---------+---------+-------+---------+---------+-------+---------
           D:1 |       0 |      20 |   0.0 |       0 |      12 |   0.0 |  1115
           D:2 |       0 |      63 |   0.0 |       0 |      19 |   0.0 |   614
               +---------+---------+-------+---------+---------+-------+---------
